 Dungeon Crawl Stone Soup version 0.25.1-2-g60ff931df9 (webtiles) character file.

Game seed: 2013694775722390839

93 Chimkentus the Vexing (level 4, -9/29 HPs)
             Began as an Octopode Arcane Marksman on Aug 16, 2020.
             Engulfed by a cloud of flame (17 damage)
             ... on level 2 of the Dungeon.
             The game lasted 00:13:20 (2318 turns).

Chimkentus the Vexing (Octopode Arcane Marksman)    Turns: 2318, Time: 00:13:21

Health: -9/29      AC:  1    Str: 10    XL:     4   Next: 61%
Magic:  6/6        EV: 14    Int: 15    God:
Gold:   121        SH:  0    Dex: 12    Spells: 3/6 levels left

rFire    . . .     SeeInvis .   j - +4 dagger (flame)
rCold    . . .     Gourm    .   (no shield)
rNeg     . . .     Faith    .   (helmet restricted)
rPois    .         Spirit   .   (no amulet)
rElec    .         Reflect  .   (no ring)
rCorr    .         Harm     .   (no ring)
MR       .....                  (no ring)
Stlth    ++........             (no ring)
HPRegen  0.09/turn              (no ring)
MPRegen  0.10/turn              (no ring)
                                (no ring)
                                (no ring)

@: no status effects
A: almost no armour, stealthy swim, amphibious, 8 rings, constrict 8, camouflage
1, gelatinous body 1
a: no special abilities


You were on level 2 of the Dungeon.
You were not hungry.

You visited 1 branch of the dungeon, and saw 2 of its levels.

You collected 121 gold pieces.

Inventory:

Hand Weapons
 e - a +0 spear
 i - a +0 dagger
 j - a +4 dagger of flaming (weapon)
 k - a +0 short sword
 p - a +4 mace
 u - a +0 hunting sling
 v - a +6 short sword
Missiles
 c - a throwing net
 f - 37 arrows
 h - 89 stones
 q - 2 javelins (quivered)
Scrolls
 g - 2 scrolls of teleportation
 m - a scroll of fog
Potions
 a - a potion of heal wounds
 b - 2 potions of curing
 s - a potion of haste {unknown}
Comestibles
 d - 3 rations


   Skills:
 * Level 2.0 Fighting
 + Level 0.1 Short Blades
 + Level 0.4 Polearms
 + Level 2.3 Throwing
 * Level 2.9 Dodging
 + Level 0.4 Stealth
 + Level 1.5 Spellcasting
 + Level 3.6 Hexes


You had 3 spell levels left.
You knew the following spells:

 Your Spells              Type           Power        Failure   Level  Hunger
a - Corona                Hex            ##.....      5%          1    ##.....
b - Slow                  Hex            ##......     8%          2    ###....

Your spell library contained the following spells:

 Spells                   Type           Power        Failure   Level  Hunger
 Inner Flame              Hex/Fire       #.......     32%         3    ####...
 Portal Projectile        Hex/Tloc       #.....       32%         3    ####...
 Cause Fear               Hex            ##........   45%         4    #####..
 Leda's Liquefaction      Hex/Erth       #.........   73%         4    #####..


Dungeon Overview and Level Annotations

Branches:
Dungeon (2/15)

Altars:

Annotations:
D:2 1 runed translucent door, Crazy Yiuf


Innate Abilities, Weirdness & Mutations

You cannot wear most types of armour.
You are very stealthy in the water. (Stealth+)
You are amphibious.
You can wear up to eight rings at the same time.
You can use your tentacles to constrict eight enemies at once.
Your skin changes colour to match your surroundings (Stealth+).
Your rubbery body absorbs attacks. (AC +1, EV +1)


Message History

Level annotation: 1 runed translucent door, Crazy Yiuf Welcome back, Chimkentus the Octopode Arcane Marksman.
Press ? for a list of commands and other information.
As you read the scroll labeled VOVVUT KALIXT, it crumbles to dust.
The scroll dissolves into smoke.
It was a scroll of fog.
All of the chunks of flesh in your inventory have rotted away.
As you read the scroll labeled VIN XUBLEPT, it crumbles to dust.
It is a scroll of identify.
a - a potion of heal wounds
As you read the scroll labeled TULAMO OGOLA, it crumbles to dust.
You hear a loud clanging noise!
It was a scroll of noise.
As you read the scroll labeled UHUTUOW MOSIEJ, it crumbles to dust.
You feel blessed for a moment.
It was a scroll of remove curse.
You are engulfed in blazing flames.
Ouch! That really hurt!
* * * LOW HITPOINT WARNING * * *
You are engulfed in blazing flames.
Ouch! That really hurt!
You die...

## .##### .....#
########## ...8.#
#....§§§.## .....#
#.#####§§§# .....#
#.# #☼°§# >....###.#
#§○@# .........#
#○☼○#
.......#######..r#
...8...##.○☼§...$.°☼
#
.......#..§○§.....§
#####
.......#..☼○○.$...○
#....
.........#####...##
#######.###
.......#.# #☼°§#
##.##....# #
......#..# #○○§#
#..##....# ♣


You could see a rat.

Vanquished Creatures
  3 adders (D:2)
  An ooze (D:1)
  3 worms (D:2)
  2 dart slugs
  3 ball pythons
  7 hobgoblins
  3 jackals (D:1)
  5 bats
  2 frilled lizards (D:2)
  5 goblins
  9 kobolds
  9 rats
52 creatures vanquished.

Notes
Turn   | Place    | Note
-------+----------+-------------------------------------------
     0 | D:1      | Chimkentus the Octopode Arcane Marksman began the quest for
                  | the Orb.
     0 | D:1      | Reached XP level 1. HP: 13/13 MP: 2/2
   154 | D:1      | Reached XP level 2. HP: 18/18 MP: 1/3
   158 | D:1      | Learned a level 2 spell: Slow
   627 | D:1      | Reached XP level 3. HP: 23/23 MP: 0/4
  1502 | D:2      | Reached XP level 4. HP: 17/29 MP: 0/6
  1973 | D:2      | Found a runed translucent door.
  1974 | D:2      | Noticed Crazy Yiuf
  2318 | D:2      | Engulfed by a cloud of flame

Illustrated notes

Levels and vault maps discovered:
D:1:      dpeg_arrival_ratfight, layout_basic, minmay_misc_feat_ornament
D:2:      layout_rooms, st_stairs_1, lemuel_flame_loot_1,
          uniq_crazy_yiuf_cottage

Skill      XL: |  1  2  3  4 |
---------------+-------------+-----
Fighting       | 2 |  2.0
Short Blades   | |  0.1
Polearms       | |  0.4
Throwing       | |  2.3
Dodging        | |  2.9
Stealth        | |  0.4
Spellcasting   | |  1.5
Hexes          | |  3.6

Action                   |  1- 3 |  4- 6 || total
-------------------------+-------+-------++-------
Melee: Spear             |    47 |       ||    47
       Constrict         |    13 |     5 ||    18
       Dagger            |    13 |    23 ||    36
       Tentacles         |     8 |     4 ||    12
Throw: Javelin           |    40 |    12 ||    52
       Throwing net      |       |     2 ||     2
 Cast: Corona            |    24 |     5 ||    29
       Slow              |     6 |     5 ||    11
  Use: Potion            |     1 |       ||     1
       Scroll            |       |     8 ||     8
 Stab: Sleeping          |     2 |     1 ||     3
       Held in net/web   |       |     1 ||     1
  Eat: Chunk             |     3 |     3 ||     6
Armor: Skin              |     6 |       ||     6
Dodge: Dodged            |    43 |    10 ||    53
